 Dungeon Crawl Stone Soup version 0.27-a0-346-ga689d4a613 (webtiles) character file.

Game seed: 14046993202872577408

105 wampuh the Covert (level 4, 0/41 HPs)
             Began as a Gnoll Delver on Feb 15, 2021.
             Was a Believer of Fedhas.
             Slain by an orc wizard
             ... wielding a +0 dagger
              (2 damage)
             ... on level 3 of the Dungeon.
             The game lasted 00:05:36 (3333 turns).

wampuh the Covert (Gnoll Delver)                    Turns: 3333, Time: 00:05:37

Health: 0/41       AC:  4    Str: 12    XL:     4   Next: 83%
Magic:  5/5        EV: 13    Int: 10    God:    Fedhas [**....]
Gold:   181        SH:  0    Dex: 13    Spells: 5/5 levels left

rFire    . . .     SeeInvis .   a - +0 spear
rCold    . . .     Faith    .   (no shield)
rNeg     . . .     Spirit   .   b - +0 leather armour
rPois    .         Reflect  .   n - +0 helmet
rElec    .         Harm     .   (no cloak)
rCorr    .         Rampage  .   (no gloves)
Will     .....                  (no boots)
Stlth    ++++......             (no amulet)
HPRegen  0.13/turn              (no ring)
MPRegen  0.09/turn              (no ring)

@: no status effects
A: distributed training, fangs 1, strong nose
a: Renounce Religion, Wall of Briars


You were on level 3 of the Dungeon.
You worshipped Fedhas.
Fedhas was pleased with you.
You visited 1 branch of the dungeon, and saw 5 of its levels.

You collected 181 gold pieces.

Inventory:

Hand Weapons
 a - a +0 spear (weapon)
 t - a +2 dagger of draining
Missiles
 d - 3 atropa-tipped darts (quivered)
 e - 15 sling bullets
Armour
 b - a +0 leather armour (worn)
 n - a +0 helmet (worn)
Wands
 g - a wand of digging (3)
Scrolls
 c - 4 scrolls of fog
 j - a scroll of enchant weapon {unknown}
 k - a scroll of amnesia {unknown}
 o - 3 scrolls of identify {unknown}
 p - a scroll of magic mapping
 q - 2 scrolls of teleportation
 s - a scroll of noise {unknown}
Potions
 f - a potion of cancellation {unknown}
 h - 3 potions of curing {unknown}
 i - a potion of berserk rage {unknown}
 l - a potion of lignification {unknown}
 m - a potion of heal wounds {unknown}
 r - a potion of ambrosia {unknown}


   Skills:
 + Level 6.6 Fighting
 + Level 1.2 Short Blades
 + Level 1.2 Long Blades
 + Level 1.2 Axes
 + Level 1.2 Maces & Flails
 + Level 4.7 Polearms
 + Level 1.2 Staves
 + Level 1.2 Slings
 + Level 1.2 Bows
 + Level 1.2 Crossbows
 + Level 1.2 Throwing
 + Level 1.2 Armour
 + Level 4.7 Dodging
 + Level 9.6 Stealth
 + Level 1.2 Shields
 + Level 1.2 Unarmed Combat
 + Level 1.2 Spellcasting
 + Level 1.0 Conjurations
 + Level 1.0 Hexes
 + Level 1.0 Summonings
 + Level 1.0 Necromancy
 + Level 1.0 Translocations
 + Level 1.0 Transmutations
 + Level 1.0 Fire Magic
 + Level 1.0 Ice Magic
 + Level 1.0 Air Magic
 + Level 1.0 Earth Magic
 + Level 1.0 Poison Magic
 + Level 1.4 Invocations
 + Level 1.2 Evocations


You had 5 spell levels left.
You didn't know any spells.
Your spell library was empty.

Dungeon Overview and Level Annotations

Branches:
Dungeon (5/15)
 Temple: D:4-7

Altars:
Fedhas
Nemelex Xobeh
Sif Muna

Shops:
D:5 ?


Innate Abilities, Weirdness & Mutations

Your experience applies equally to all skills.
You have very sharp teeth.
Your uncanny sense of smell can sniff out nearby items.


Message History

You miss something. Something hits you.
You completely miss something.
You hear some strange, mumbled words.
Something tries to affect you, but you resist.
You closely miss something. Your bite misses something. Something hits you.
You hit something. Something hits you.
You hit something but do no damage. Something hits you.
You barely miss something. Your bite misses something. Something hits you.
You miss something.
You hear some strange, mumbled words.
A magic dart appears from out of thin air!
The magic dart hits you!
You hit something. You barely miss something.
Something hits you but does no damage.
You closely miss something. Something hits you.
* * * LOW HITPOINT WARNING * * *
You barely miss something.
You hear some strange, mumbled words.
Something tries to affect you, but you resist.
You hit something but do no damage. Something hits you but does no damage.
You miss something. Something hits you but does no damage.
You hit something. Your bite misses something.
You hear some strange, mumbled words.
Something tries to affect you, but you resist.
You miss something. You miss something. Something hits you.
* * * LOW HITPOINT WARNING * * *
You barely miss something. Something hits you but does no damage.
You hit something. Something completely misses you.
You hit something. Something hits you but does no damage.
You barely miss something. Something hits you.
* * * LOW HITPOINT WARNING * * *
You miss something. Something hits you.
* * * LOW HITPOINT WARNING * * *
You miss something. You miss something. Something hits you.
* * * LOW HITPOINT WARNING * * *
You hit something. Something hits you.
You die...
Fedhas appreciates your contribution to the ecosystem.

*** ,,* ##############
*,** #.oo{@.......# ,*,**
#.##########.#########
***∆********,########
#.........# *
**,,∆,,,,,,#......#
#########.#
***,*********#.####.# #.#
,*,##*** #.####.##### #.#
.,,....#######.......>..#
#.#
#,..............###.###.#
#.# ##.###.###.####.# #.#
#.# #.#


You could see 2 orcs.

Vanquished Creatures
  A hound skeleton (D:3)
  Robin (D:2)
  3 adders (D:2)
  A worm (D:2)
  A leopard gecko (D:2)
  2 orcs (D:3)
  12 goblins
  8 hobgoblins (D:2)
  8 bats
  2 frilled lizards
  3 kobolds
  7 rats
49 creatures vanquished.

Notes
Turn   | Place    | Note
-------+----------+-------------------------------------------
     0 | D:5      | Reached skill level 9 in Stealth
     0 | D:5      | wampuh the Gnoll Delver began the quest for the Orb.
     0 | D:5      | Reached XP level 1. HP: 23/23 MP: 1/1
     3 | D:5      | Found Ruidenn's Magic Scroll Boutique.
     6 | D:5      | Noticed a worker ant
   188 | D:2      | Reached XP level 2. HP: 20/29 MP: 2/2
   556 | D:2      | Found a shimmering blue altar of Sif Muna.
   636 | D:2      | Found a faded altar of an unknown god.
   636 | D:2      | Noticed Robin
   782 | D:2      | Reached XP level 3. HP: 29/35 MP: 3/3
  1158 | D:1      | Found a sparkling altar of Nemelex Xobeh.
  1490 | D:1      | Reached skill level 1 in Invocations
  1947 | D:2      | Became a worshipper of Fedhas Madash
  1947 | D:2      | Reached * piety under Fedhas
  1958 | D:2      | Reached skill level 1 in Short Blades
  1958 | D:2      | Reached skill level 1 in Long Blades
  1958 | D:2      | Reached skill level 1 in Axes
  1958 | D:2      | Reached skill level 1 in Maces & Flails
  1958 | D:2      | Reached skill level 1 in Staves
  1958 | D:2      | Reached skill level 1 in Slings
  1958 | D:2      | Reached skill level 1 in Bows
  1958 | D:2      | Reached skill level 1 in Crossbows
  1958 | D:2      | Reached skill level 1 in Throwing
  1958 | D:2      | Reached skill level 1 in Armour
  1958 | D:2      | Reached skill level 1 in Shields
  1958 | D:2      | Reached skill level 1 in Unarmed Combat
  1958 | D:2      | Reached skill level 1 in Spellcasting
  1958 | D:2      | Reached skill level 1 in Evocations
  1989 | D:2      | Reached XP level 4. HP: 31/41 MP: 5/5
  2008 | D:2      | Killed Robin
  2838 | D:2      | Reached ** piety under Fedhas
  3140 | D:3      | Reached skill level 1 in Conjurations
  3140 | D:3      | Reached skill level 1 in Hexes
  3140 | D:3      | Reached skill level 1 in Summonings
  3140 | D:3      | Reached skill level 1 in Necromancy
  3140 | D:3      | Reached skill level 1 in Translocations
  3140 | D:3      | Reached skill level 1 in Transmutations
  3140 | D:3      | Reached skill level 1 in Fire Magic
  3140 | D:3      | Reached skill level 1 in Ice Magic
  3140 | D:3      | Reached skill level 1 in Air Magic
  3140 | D:3      | Reached skill level 1 in Earth Magic
  3140 | D:3      | Reached skill level 1 in Poison Magic
  3332 | D:3      | HP: 1/41 [something (5)]
  3333 | D:3      | Slain by an orc wizard

Illustrated notes

Levels and vault maps discovered:
D:1:      lemuel_arrival_river_passageway, layout_loops_ring,
          nemelex_xobeh_ov_fountains_minmay
D:2:      minmay_general_purpose_star, layout_loops_corners, led_sif_pool,
          chequers_ecumenical_altar_simple, minmay_hexomino_f4, uniq_robin
D:3:      layout_loops_ring, nicolae_tso_swordbearing_angel,
          makhleb_altar_promises_db, nemelex_spade_bored_becter
D:4:      layout_basic, lemuel_coloured_pillars_altar,
          gammafunk_ghost_mausoleum, lightli_sewer_entry_pipes
D:5:      cheibrodos_fzero, layout_basic, dancing_weapons_uskayaw, serial_shops,
          nicolae_shop_statue_plus, minmay_misc_feat_secret_circle,
          kennysheep_decorative_pillar, palyth_stone_intersect,
          nemelex_diamond_rough_becter, uniq_duvessa

Skill      XL: |  1  2  3  4 |
---------------+-------------+-----
Stealth        | |  9.6
Invocations    | 1 |  1.4
Short Blades   | 1 |  1.2
Long Blades    | 1 |  1.2
Axes           | 1 |  1.2
Maces & Flails | 1 |  1.2
Staves         | 1 |  1.2
Slings         | 1 |  1.2
Bows           | 1 |  1.2
Crossbows      | 1 |  1.2
Throwing       | 1 |  1.2
Armour         | 1 |  1.2
Shields        | 1 |  1.2
Unarmed Combat | 1 |  1.2
Spellcasting   | 1 |  1.2
Evocations     | 1 |  1.2
Conjurations   | 1 |  1.0
Hexes          | 1 |  1.0
Summonings     | 1 |  1.0
Necromancy     | 1 |  1.0
Translocations | 1 |  1.0
Transmutations | 1 |  1.0
Fire Magic     | 1 |  1.0
Ice Magic      | 1 |  1.0
Air Magic      | 1 |  1.0
Earth Magic    | 1 |  1.0
Poison Magic   | 1 |  1.0
Fighting       | |  6.6
Polearms       | |  4.7
Dodging        | |  4.7

Action                   |  1- 3 |  4- 6 || total
-------------------------+-------+-------++-------
Melee: Spear             |   115 |   108 ||   223
       Bite              |     8 |     8 ||    16
  Use: Scroll            |     4 |       ||     4
       Potion            |     1 |       ||     1
 Stab: Sleeping          |    12 |     4 ||    16
Armor: Leather armour    |    23 |    11 ||    34
Dodge: Dodged            |    69 |    31 ||   100

Table legend: (Time is in decaauts)
 A = Elapsed time spent in this place.
 B = Non-inter-level travel time spent in this place.
 C = Inter-level travel time spent in this place.
 D = Time resting spent in this place.
 E = Time spent auto-exploring this place.
 F = Levels seen in this place.
 G = Mean time per level.
                   A        B        C        D        E       F      G
               +--------+--------+--------+--------+--------+-----+--------+
         Total |   3293 |   3235 |     58 |   1110 |   1645 |   5 |  658.6 |
       Dungeon |   3293 |   3235 |     58 |   1110 |   1645 |   5 |  658.6 |
               +--------+--------+--------+--------+--------+-----+--------+

Top non-repeatable levels by time:
     D:2: 2324 daAuts
     D:1: 648 daAuts
     D:3: 270 daAuts
     D:4: 36 daAuts
     D:5: 13 daAuts
